 Dungeon Crawl Stone Soup version 0.17.2-1-ge4368a0 (webtiles) character file.

23 magog001 the Scratcher (level 2, 0/12 HPs)
             Began as a Felid Transmuter on Nov 24, 2016.
             Slain by a giant gecko (4 damage)
             ... on level 2 of the Dungeon.
             The game lasted 00:06:01 (1347 turns).

magog001 the Scratcher (Felid Transmuter)           Turns: 1347, Time: 00:06:02

Health: 0/12       AC:  1    Str:  6    XL:     2   Next: 72%
Magic:  5/6        EV: 18    Int: 25    God:
Gold:   22         SH:  0    Dex: 16    Spells: 1 memorised, 4 levels left
                                        Lives:  0   Deaths: 0

rFire  . . .     SeeInvis +       - Unarmed
rCold  . . .     Clarity  .     (armour unavailable)
rNeg   . . .     SustAt   .     (shield unavailable)
rPois  .         Gourm    .     (helmet unavailable)
rElec  .         Spirit   .     (cloak unavailable)
rCorr  .         Warding  .     (gloves unavailable)
rMut   .         Stasis   .     (boots unavailable)
MR     .....                    (no amulet)
Stlth  +++.......               h - ring of stealth
                                e - +6 ring of intelligence

@: brilliant, appendage, quick, not resistant to hostile enchantments, fairly
stealthy
A: no armour, no weapons or thrown items, claws 1, fangs 3, horns 2, see
invisible, carnivore 3, speed 1, shaggy fur 1, slow metabolism 1, sharp paws
a: End Transformation


You were on level 2 of the Dungeon.
You were very full.
You had grown temporary horns.
You visited 1 branch of the dungeon, and saw 2 of its levels.

You collected 22 gold pieces.

Inventory:

Missiles
 a - 12 arrows
Jewellery
 e - a +6 ring of intelligence (left paw)
 h - a ring of stealth (right paw)
 j - an uncursed ring of poison resistance {unknown}
Scrolls
 i - 3 scrolls of identify {unknown}
 k - a scroll of remove curse {unknown}
Potions
 d - a potion of heal wounds {unknown}
 f - a potion of haste {unknown}
Books
 b - a book of Changes

   Spells                             Type                      Level
   a - Beastly Appendage              Transmutation                1
   b - Sticks to Snakes               Transmutation                2
   c - Spider Form                    Transmutation/Poison         3
   d - Ice Form                       Ice/Transmutation            4
   e - Blade Hands                    Transmutation                5
Comestibles
 c - 3 meat rations
 l - 2 chunks of flesh


   Skills:
 * Level 1.1 Fighting
 * Level 3.0 Dodging
 * Level 0.8 Stealth
 * Level 3.5 Unarmed Combat
 + Level 2.2 Spellcasting
 + Level 2.3 Transmutations


You had 4 spell levels left.
You knew the following spells:

 Your Spells              Type           Power        Failure   Level  Hunger
a - Beastly Appendage     Trmt           ####..       1%          1    None


Dungeon Overview and Level Annotations

Branches:
Dungeon (2/15)

Altars:
Gozag


Innate Abilities, Weirdness & Mutations

You cannot wear armour.
You are incapable of wielding weapons or throwing items.
You have sharp claws.
You have razor-sharp teeth.
You have supernaturally acute eyesight.
You are carnivorous and can eat meat at any time.
You cover ground quickly.
You are covered in fur (AC +1).
You have a slow metabolism.
Your sharp claws are effective at attacking unaware monsters.
You have a pair of horns on your head.


Message History

A giant gecko comes into view.
The giant gecko completely misses you.
You barely miss the giant gecko. The giant gecko bites you.
You closely miss the giant gecko. The giant gecko completely misses you.
The giant gecko misses you.
You barely miss the giant gecko. Your bite misses the giant gecko.
The giant gecko bites you.
You miss the giant gecko. The giant gecko bites you.
You closely miss the giant gecko. The giant gecko bites you.
You completely miss the giant gecko. The giant gecko barely misses you.
You completely miss the giant gecko. The giant gecko completely misses you.
Drink which item? (? for menu, Esc to quit)
It was a potion of brilliance.
You feel clever all of a sudden. The giant gecko misses you.
Casting: Beastly Appendage
Confirm with . or Enter, or press ? or * to list all spells.
You grow a pair of large bovine horns.
The giant gecko barely misses you. The giant gecko bites you.
You die...

#+# #.# .# #.#
.## ## ##.## ..
.. ##...## .#
##.#.....#####.#
#..l@..........#
##.##..##.###..#
# #..##......#
#..######.##
#..######.#
#......>..#
##.######## #.#
####### ## #.#
#......


You could see a giant gecko.

Vanquished Creatures
  A giant gecko (D:1)
  6 bats
  2 giant cockroaches (D:1)
  2 goblins (D:1)
  3 hobgoblins (D:1)
  A giant newt (D:1)
  2 kobolds (D:1)
  4 rats (D:1)
21 creatures vanquished.

Notes
Turn   | Place    | Note
--------------------------------------------------------------
     0 | D:1      | magog001 the Felid Transmuter began the quest for the Orb.
     0 | D:1      | Reached XP level 1. HP: 9/9 MP: 4/4
   455 | D:1      | Reached XP level 2. HP: 12/12 MP: 6/6
  1249 | D:2      | Found an opulent altar of Gozag.
  1347 | D:2      | Slain by a giant gecko

Action                   || total
-------------------------++-------
Melee: Unarmed           ||    61
 Cast: Beastly Appendage ||     2
  Use: Potion            ||     1
 Stab: Sleeping          ||     7
  Eat: Chunk             ||     7
